TOP OF THE 1ST |
Nashua Redlegs batting - Pitching for Savannah Hogs : RHP Esteban Ramírez
|
Pitching: RHP Esteban Ramírez
|
|
Batting: SHB Ryan Holcomb
|
0-0: Foul Ball, location: 2F 0-1: DOUBLE (Line Drive, 7D)
|
Batting: RHB Eleuterio Supardo
|
0-0: Ball 1-0: Swinging Strike 1-1: Swinging Strike 1-2: SINGLE (Groundball, 5S) (infield hit) Ryan Holcomb to third
|
Batting: RHB Currito Campos
|
0-0: Grounds into double play, 4-6-3 (Groundball, 4) Ryan Holcomb scores
|
Batting: RHB Katsuhito Ohayashi
|
0-0: Ball 1-0: SINGLE (Flyball, 4MD)
|
Batting: RHB Alan Evans
|
0-0: Called Strike 0-1: Ground out 5-3 (Groundball, 56S)
|
Top of the 1st over - 1 run(s), 3 hit(s), 0 error(s), 1 left on base; Nashua 1 - Savannah 0 |
BOTTOM OF THE 1ST |
Savannah Hogs batting - Pitching for Nashua Redlegs : RHP Pedro Cabrera
|
Pitching: RHP Pedro Cabrera
|
|
Batting: RHB Anastasio Movonda
|
0-0: Fly out, F6 (Line Drive, 6)
|
Batting: LHB Jim Clemente
|
0-0: Fly out, F5 (Popup, 5)
|
Batting: RHB Henry Dawson
|
0-0: Ball 1-0: Foul Ball, location: 2F 1-1: Ball 2-1: DOUBLE (Line Drive, 78M)
|
Batting: RHB Sergio Moreno
|
0-0: Ground out 5-3 (Groundball, 56)
|
Bottom of the 1st over - 0 run(s), 1 hit(s), 0 error(s), 1 left on base; Nashua 1 - Savannah 0 |
TOP OF THE 2ND |
Nashua Redlegs batting - Pitching for Savannah Hogs : RHP Esteban Ramírez
|
Batting: RHB Jason Blair
|
0-0: Foul Ball, location: 2F 0-1: Foul Ball, location: 2F 0-2: Ball 1-2: Ball 2-2: DOUBLE (Line Drive, 7LD)
|
Batting: RHB Joe Noble
|
0-0: Called Strike 0-1: Called Strike 0-2: Ball 1-2: Strikes out swinging
|
Batting: RHB Gilberto León
|
0-0: Foul Ball, location: 2F 0-1: Ball 1-1: Swinging Strike 1-2: Ball 2-2: Ground out 4-3 (Groundball, 4) Jason Blair to third
|
Batting: RHB José Zumaya
|
0-0: Ball 1-0: Called Strike 1-1: Ball 2-1: Ball 3-1: Base on Balls
|
Batting: SHB Ryan Holcomb
|
0-0: Ball 1-0: Ball 2-0: Ball 3-0: Base on Balls José Zumaya to second
|
Batting: RHB Eleuterio Supardo
|
0-0: Ball 1-0: Called Strike 1-1: Swinging Strike 1-2: GRAND SLAM HOME RUN (Flyball, 7D), Distance : 366 ft
|
Batting: RHB Currito Campos
|
0-0: Ball 1-0: Called Strike 1-1: Ball 2-1: Ball 3-1: Swinging Strike 3-2: Base on Balls
|
Batting: RHB Katsuhito Ohayashi
|
0-0: Ball 1-0: Ball 2-0: Called Strike 2-1: Ball 3-1: Base on Balls Currito Campos to second
|
Batting: RHB Alan Evans
|
0-0: Called Strike 0-1: Ball 1-1: Ball 2-1: Swinging Strike 2-2: Foul Ball, location: 2F 2-2: Ball 3-2: Base on Balls Currito Campos to third Katsuhito Ohayashi to second
|
Batting: RHB Jason Blair
|
0-0: Called Strike 0-1: Ball 1-1: Swinging Strike 1-2: Foul Ball, location: 2F 1-2: Strikes out swinging
|
Top of the 2nd over - 4 run(s), 2 hit(s), 0 error(s), 3 left on base; Nashua 5 - Savannah 0 |
BOTTOM OF THE 2ND |
Savannah Hogs batting - Pitching for Nashua Redlegs : RHP Pedro Cabrera
|
Batting: RHB Remi Eruzione
|
0-0: Called Strike 0-1: Ball 1-1: Ground out 5-3 (Groundball, 56S)
|
Batting: LHB Pedro Medine
|
0-0: SINGLE (Line Drive, 9LS)
|
Batting: RHB Ignacio Rangel
|
0-0: Ball 1-0: Foul Ball, location: 2F 1-1: Fly out, F7 (Line Drive, 7)
|
Batting: LHB Marv Alexander
|
0-0: Ball 1-0: Ball 2-0: Ball 3-0: Called Strike 3-1: Base on Balls Pedro Medine to second
|
Batting: RHB Ernesto Gómez
|
0-0: Ground out 5-3 (Groundball, 56S)
|
Bottom of the 2nd over - 0 run(s), 1 hit(s), 0 error(s), 2 left on base; Nashua 5 - Savannah 0 |
TOP OF THE 3RD |
Nashua Redlegs batting - Pitching for Savannah Hogs : RHP Esteban Ramírez
|
Batting: RHB Joe Noble
|
0-0: Ball 1-0: SINGLE (Flyball, 9S)
|
Batting: RHB Gilberto León
|
0-0: Ball 1-0: Foul Ball, location: 2F 1-1: Swinging Strike 1-2: Strikes out looking
|
Batting: RHB José Zumaya
|
0-0: Called Strike 0-1: Swinging Strike 0-2: Grounds into double play, 4-6-3 (Groundball, 4D)
|
Top of the 3rd over - 0 run(s), 1 hit(s), 0 error(s), 0 left on base; Nashua 5 - Savannah 0 |
BOTTOM OF THE 3RD |
Savannah Hogs batting - Pitching for Nashua Redlegs : RHP Pedro Cabrera
|
Batting: RHB Anastasio Movonda
|
0-0: Fly out, F9 (Flyball, 9LSF)
|
Batting: LHB Jim Clemente
|
0-0: Called Strike 0-1: Swinging Strike 0-2: Ball 1-2: Strikes out swinging
|
Batting: RHB Henry Dawson
|
0-0: Called Strike 0-1: Ball 1-1: Ground out 6-3 (Groundball, 6)
|
Bottom of the 3rd over - 0 run(s), 0 hit(s), 0 error(s), 0 left on base; Nashua 5 - Savannah 0 |
TOP OF THE 4TH |
Nashua Redlegs batting - Pitching for Savannah Hogs : RHP Esteban Ramírez
|
Batting: SHB Ryan Holcomb
|
0-0: Ball 1-0: Ground out 6-3 (Groundball, 6)
|
Batting: RHB Eleuterio Supardo
|
0-0: Ball 1-0: Ball 2-0: Swinging Strike 2-1: Fly out, F7 (Flyball, 78M)
|
Batting: RHB Currito Campos
|
0-0: SINGLE (Line Drive, 4MD)
|
Batting: RHB Katsuhito Ohayashi
|
0-0: Foul Ball, location: 2F 0-1: Swinging Strike 0-2: Strikes out swinging
|
Top of the 4th over - 0 run(s), 1 hit(s), 0 error(s), 1 left on base; Nashua 5 - Savannah 0 |
BOTTOM OF THE 4TH |
Savannah Hogs batting - Pitching for Nashua Redlegs : RHP Pedro Cabrera
|
Batting: RHB Sergio Moreno
|
0-0: Ball 1-0: Ball 2-0: Ball 3-0: Base on Balls
|
Batting: RHB Remi Eruzione
|
0-0: Ball 1-0: Called Strike 1-1: Ball Pickoff Throw to First - Out! 2-1: Foul Ball, location: 2F 2-2: SINGLE (Groundball, 6D)
|
Batting: LHB Pedro Medine
|
0-0: Called Strike 0-1: Ground out 5-3 (Groundball, 56S) Remi Eruzione to second
|
Batting: RHB Ignacio Rangel
|
0-0: Ground out 5-3 (Groundball, 56S)
|
Bottom of the 4th over - 0 run(s), 1 hit(s), 0 error(s), 1 left on base; Nashua 5 - Savannah 0 |
TOP OF THE 5TH |
Nashua Redlegs batting - Pitching for Savannah Hogs : RHP Esteban Ramírez
|
Pitching: RHP António Baca
|
|
Batting: RHB Alan Evans
|
0-0: Called Strike 0-1: Foul Ball, location: 2F 0-2: Ball 1-2: Strikes out looking
|
Batting: RHB Jason Blair
|
0-0: SINGLE (Line Drive, 4MD)
|
Batting: RHB Joe Noble
|
0-0: Called Strike 0-1: Swinging Strike 0-2: Ball 1-2: Foul Ball, location: 2F 1-2: Ball 2-2: Foul Ball, location: 2F 2-2: Strikes out looking
|
Batting: RHB Gilberto León
|
0-0: Called Strike Jason Blair steals 2nd base 0-1: Ball 1-1: SINGLE (Line Drive, 3) Jason Blair to third Runner from 3rd tries for Home, SAFE, no throw
|
Batting: RHB José Zumaya
|
0-0: Ball 1-0: Called Strike 1-1: Ball 2-1: Ball 3-1: Base on Balls Gilberto León to second
|
Batting: SHB Ryan Holcomb
|
0-0: Called Strike 0-1: Fielders Choice at 2nd, 6-4 (Groundball, 6)
|
Top of the 5th over - 1 run(s), 2 hit(s), 0 error(s), 1 left on base; Nashua 6 - Savannah 0 |
BOTTOM OF THE 5TH |
Savannah Hogs batting - Pitching for Nashua Redlegs : RHP Pedro Cabrera
|
Batting: LHB Marv Alexander
|
0-0: Ball 1-0: Called Strike 1-1: Fly out, F8 (Flyball, 8LM)
|
Batting: RHB Ernesto Gómez
|
0-0: Ball 1-0: Called Strike 1-1: Ball 2-1: Ball 3-1: Base on Balls
|
Batting: RHB Anastasio Movonda
|
0-0: Ball 1-0: Called Strike 1-1: SINGLE (Line Drive, 7S) Ernesto Gómez to second
|
Batting: LHB Jim Clemente
|
0-0: Ball 1-0: Swinging Strike 1-1: Ball 2-1: Called Strike 2-2: Fly out, F8 (Flyball, 8LD) Runner from 2nd tags up, SAFE at 3rd, no throw
|
Batting: RHB Henry Dawson
|
0-0: Called Strike 0-1: Foul Ball, location: 2F 0-2: Ball 1-2: Foul Ball, location: 2F 1-2: Ground out 4-3 (Groundball, 34)
|
Bottom of the 5th over - 0 run(s), 1 hit(s), 0 error(s), 2 left on base; Nashua 6 - Savannah 0 |
TOP OF THE 6TH |
Nashua Redlegs batting - Pitching for Savannah Hogs : RHP António Baca
|
Batting: RHB Eleuterio Supardo
|
0-0: Foul Ball, location: 2F 0-1: Called Strike 0-2: Foul Ball, location: 2F 0-2: Ball 1-2: Hit by Pitch
|
Batting: RHB Currito Campos
|
0-0: Called Strike 0-1: Ball 1-1: Swinging Strike 1-2: Fly out, F9 (Flyball, 9)
|
Batting: RHB Katsuhito Ohayashi
|
0-0: Fly out, F9 (Flyball, 9S)
|
Batting: RHB Alan Evans
|
0-0: Swinging Strike 0-1: Fielders Choice at 2nd, 5-4 (Groundball, 56)
|
Top of the 6th over - 0 run(s), 0 hit(s), 0 error(s), 0 left on base; Nashua 6 - Savannah 0 |
BOTTOM OF THE 6TH |
Savannah Hogs batting - Pitching for Nashua Redlegs : RHP Pedro Cabrera
|
Batting: RHB Sergio Moreno
|
0-0: Ball 1-0: Ball 2-0: Called Strike 2-1: Ball 3-1: Base on Balls
|
Batting: RHB Remi Eruzione
|
0-0: Fly out, F8 (Flyball, 89M)
|
Batting: LHB Pedro Medine
|
0-0: Swinging Strike 0-1: Ball 1-1: Ball 2-1: Ball 3-1: Foul Ball, location: 2F 3-2: Base on Balls Sergio Moreno to second
|
Batting: RHB Ignacio Rangel
|
0-0: Called Strike 0-1: Ball 1-1: SINGLE (Groundball, 6D) Sergio Moreno to third Pedro Medine to second
|
Batting: LHB Marv Alexander
|
0-0: Called Strike 0-1: Fly out, F8 (Flyball, 8LXD) Runner from 3rd tags up, SCORES, no throw
|
Batting: RHB Ernesto Gómez
|
0-0: Foul Ball, location: 2F 0-1: Fielders Choice at 2nd, 4-6 (Groundball, 4)
|
Bottom of the 6th over - 1 run(s), 1 hit(s), 0 error(s), 1 left on base; Nashua 6 - Savannah 1 |
TOP OF THE 7TH |
Nashua Redlegs batting - Pitching for Savannah Hogs : RHP António Baca
|
Batting: RHB Jason Blair
|
0-0: Foul Ball, location: 2F 0-1: Ball 1-1: Foul Ball, location: 2F 1-2: Ball 2-2: Ball 3-2: Fly out, F9 (Flyball, 9S)
|
Batting: RHB Joe Noble
|
0-0: Ball 1-0: Called Strike 1-1: Ball 2-1: Ground out 1-3 (Groundball, 13S)
|
Batting: RHB Gilberto León
|
0-0: SINGLE (Groundball, 34D)
|
Batting: RHB José Zumaya
|
0-0: Called Strike 0-1: Swinging Strike 0-2: SINGLE (Groundball, 56D) Gilberto León to second
|
Batting: SHB Ryan Holcomb
|
0-0: Ball 1-0: Ball 2-0: Ball 3-0: Called Strike 3-1: Foul Ball, location: 2F 3-2: Base on Balls Gilberto León to third José Zumaya to second
|
Pitching: RHP Luis Sánchez
|
|
Batting: RHB Eleuterio Supardo
|
0-0: Ball 1-0: Ball 2-0: Foul Ball, location: 2F 2-1: Ball 3-1: Called Strike 3-2: Base on Balls Gilberto León scores José Zumaya to third Ryan Holcomb to second
|
Batting: RHB Currito Campos
|
0-0: Called Strike 0-1: Ball 1-1: Foul Ball, location: 2F 1-2: Ball 2-2: Foul Ball, location: 2F 2-2: Strikes out looking
|
Top of the 7th over - 1 run(s), 2 hit(s), 0 error(s), 3 left on base; Nashua 7 - Savannah 1 |
BOTTOM OF THE 7TH |
Savannah Hogs batting - Pitching for Nashua Redlegs : RHP Pedro Cabrera
|
Batting: RHB Anastasio Movonda
|
0-0: Foul Ball, location: 2F 0-1: Ball 1-1: Ball 2-1: Ground out 6-3 (Groundball, 6)
|
Batting: LHB Jim Clemente
|
0-0: Ball 1-0: Ball 2-0: Foul Ball, location: 2F 2-1: Foul Ball, location: 2F 2-2: Foul Ball, location: 2F 2-2: Ball 3-2: SOLO HOME RUN (Flyball, 78XD), Distance : 402 ft
|
Pitching: RHP Raúl García
|
|
Batting: RHB Henry Dawson
|
0-0: Ball 1-0: Called Strike 1-1: Foul Ball, location: 2F 1-2: Ball 2-2: Ball 3-2: Foul Ball, location: 2F 3-2: Base on Balls
|
Batting: RHB Sergio Moreno
|
0-0: Ball 1-0: Called Strike 1-1: Fly out, F9 (Line Drive, 89M)
|
Batting: RHB Remi Eruzione
|
0-0: Called Strike 0-1: Ball 1-1: Foul Ball, location: 2F 1-2: Strikes out looking
|
Bottom of the 7th over - 1 run(s), 1 hit(s), 0 error(s), 1 left on base; Nashua 7 - Savannah 2 |
TOP OF THE 8TH |
Nashua Redlegs batting - Pitching for Savannah Hogs : RHP Luis Sánchez
|
Batting: RHB Katsuhito Ohayashi
|
0-0: Ball 1-0: Ball 2-0: Fly out, F8 (Line Drive, 78M)
|
Batting: RHB Alan Evans
|
0-0: Ball 1-0: Ball 2-0: Swinging Strike 2-1: Foul Ball, location: 2F 2-2: Ball 3-2: Base on Balls
|
Batting: RHB Jason Blair
|
0-0: Called Strike 0-1: Ball 1-1: DOUBLE (Flyball, 89M) Alan Evans to third Runner from 3rd tries for Home, SAFE, no throw
|
Batting: RHB Joe Noble
|
0-0: Fly out, F8 (Flyball, 8LM)
|
Batting: RHB Gilberto León
|
0-0: Called Strike 0-1: Ball 1-1: Ball 2-1: Called Strike 2-2: Foul Ball, location: 2F 2-2: Foul Ball, location: 2F 2-2: Foul Ball, location: 2F 2-2: Foul Ball, location: 2F 2-2: Strikes out swinging
|
Top of the 8th over - 1 run(s), 1 hit(s), 0 error(s), 1 left on base; Nashua 8 - Savannah 2 |
BOTTOM OF THE 8TH |
Savannah Hogs batting - Pitching for Nashua Redlegs : RHP Raúl García
|
Batting: LHB Pedro Medine
|
0-0: Called Strike 0-1: Called Strike 0-2: Strikes out swinging
|
Batting: RHB Ignacio Rangel
|
0-0: SINGLE (Line Drive, 34D)
|
Batting: LHB Marv Alexander
|
0-0: Ball 1-0: Foul Ball, location: 2F 1-1: Called Strike 1-2: Ball 2-2: Foul Ball, location: 2F 2-2: Strikes out swinging
|
Batting: RHB Ernesto Gómez
|
0-0: Ball 1-0: Called Strike 1-1: Called Strike 1-2: Foul Ball, location: 2F 1-2: Foul Ball, location: 2F 1-2: SINGLE (Groundball, 4MD) Ignacio Rangel to second
|
Batting: RHB Anastasio Movonda
|
0-0: Called Strike 0-1: Foul Ball, location: 2F 0-2: Ball 1-2: Ball 2-2: Foul Ball, location: 2F 2-2: Ball 3-2: Foul Ball, location: 2F 3-2: Fly out, F8 (Flyball, 8RD)
|
Bottom of the 8th over - 0 run(s), 2 hit(s), 0 error(s), 2 left on base; Nashua 8 - Savannah 2 |
TOP OF THE 9TH |
Nashua Redlegs batting - Pitching for Savannah Hogs : RHP Luis Sánchez
|
Batting: RHB José Zumaya
|
0-0: Ball 1-0: Ground out 4-3 (Groundball, 4M)
|
Batting: SHB Ryan Holcomb
|
0-0: Foul Ball, location: 2F 0-1: Ball 1-1: Ball 2-1: Ball 3-1: Base on Balls
|
Batting: RHB Eleuterio Supardo
|
0-0: Ball Ryan Holcomb steals 2nd base 1-0: Called Strike 1-1: Foul Ball, location: 2F 1-2: Ball 2-2: Ball 3-2: Base on Balls
|
Batting: RHB Currito Campos
|
0-0: Ball 1-0: Ball 2-0: Ball 3-0: Base on Balls Ryan Holcomb to third Eleuterio Supardo to second
|
Pitching: RHP Shannon Wallace
|
|
Batting: RHB Katsuhito Ohayashi
|
0-0: Called Strike 0-1: Fly out, F9 (Flyball, 9S)
|
Batting: RHB Alan Evans
|
0-0: Ball 1-0: Ball 2-0: Called Strike 2-1: Foul Ball, location: 2F 2-2: Ball 3-2: Strikes out swinging
|
Top of the 9th over - 0 run(s), 0 hit(s), 0 error(s), 3 left on base; Nashua 8 - Savannah 2 |
BOTTOM OF THE 9TH |
Savannah Hogs batting - Pitching for Nashua Redlegs : RHP Raúl García
|
Batting: LHB Jim Clemente
|
0-0: Ball 1-0: Foul Ball, location: 2F 1-1: Swinging Strike 1-2: Ball 2-2: Ball 3-2: Foul Ball, location: 2F 3-2: SINGLE (Flyball, 78S)
|
Batting: RHB Henry Dawson
|
0-0: Called Strike 0-1: Ball 1-1: Swinging Strike 1-2: Ball 2-2: Ball 3-2: Foul Ball, location: 2F 3-2: Foul Ball, location: 2F 3-2: Foul Ball, location: 2F 3-2: Strikes out looking
|
Batting: RHB Sergio Moreno
|
0-0: Ball 1-0: Fly out, F9 (Flyball, 9LM)
|
Batting: RHB Remi Eruzione
|
0-0: Fly out, F9 (Flyball, 89M)
|
Bottom of the 9th over - 0 run(s), 1 hit(s), 0 error(s), 1 left on base; Nashua 8 - Savannah 2 |
|